AoeStats
← TuMaY

Nomad

508326896Analyzed
4v4 RM · 11d ago on Sep 21, 2026· 27m 4s· 8 players
Game mode
Random Map
Map size
231×231
Population
200
Speed
Normal
Resources
Standard
Victory
Conquest
Starting age
Dark Age
Ending age
Imperial Age
RankedLock teamsTeams togetherTeam positionsShared explorationLock speedFull tech treeHidden civsTurbo modeCheats
Victory
Defeat
🇲🇽 Persians · Mexico
1325
+19
🇺🇸 Mongols · United States
1300
+20
🇲🇽 Cumans · Mexico
1247
+22
🇲🇽 Muisca · Mexico
1187
+23
🇵🇪 Vietnamese · Peru
1509
-26
🇦🇷 Gurjaras · Argentina
1446
-23
🇵🇪 Lithuanians · Peru
1359
-20
🇵🇪 Malians · Peru
1230
-15
Claudia Sheinbaum
5:11 Loom
13:18 Feudal Age
18:36 Castle Age
17:33 Double-Bit Axe
18:41 Scale Barding Armor
19:47 Bow Saw
21:02 Forging
27:26 Husbandry
27:37 Bloodlines
Diego
5:25 Loom
14:24 Feudal Age
15:24 Man-at-Arms
16:27 Scale Mail Armor
17:32 Forging
El Cachorro
4:52 Loom
13:38 Feudal Age
17:49 Castle Age
16:05 Double-Bit Axe
OfFspRlNg
5:26 Loom
13:16 Feudal Age
17:28 Castle Age
16:15 Loom
16:27 Horse Collar
16:35 Double-Bit Axe
18:29 Heavy Plow
18:42 Bow Saw
22:55 Fletching
28:12 Wheelbarrow
Magicnet
4:44 Loom
15:10 Feudal Age
18:34 Castle Age
16:29 Stone Mining
17:11 Forging
18:38 Scale Mail Armor
22:36 Fletching
23:23 Iron Casting
23:04 Chain Mail Armor
23:42 Fletching
25:07 Bodkin Arrow
Cazador
5:22 Loom
13:12 Feudal Age
18:45 Castle Age
21:29 Scale Barding Armor
TuMaY
4:56 Loom
13:43 Feudal Age
17:46 Castle Age
16:47 Double-Bit Axe
21:14 Fletching
Tupac_Amaru
9:05 Loom
13:35 Feudal Age
14:23 Town Watch
18:01 Fletching
Connection lost

Rejoining the realm…

Still unreachable

The connection could not be restored.

Session expired

The server has moved on; the page needs a fresh start.